 Dungeon Crawl Stone Soup version 0.28-a0-631-g0446da8ef9 (webtiles) character file.

Game seed: 6347202935947554981

574 KristoblXynda the Ducker (level 7, -5/55 HPs)
             Began as a Spriggan Berserker on Oct 9, 2021.
             Was a Priest of Trog.
             Slain by a gnoll sergeant (14 damage)
             ... on level 5 of the Dungeon.
             The game lasted 00:05:10 (5637 turns).

KristoblXynda the Ducker (Spriggan Berserker)       Turns: 5637, Time: 00:05:10

Health: -5/55      AC:  2    Str: 15    XL:     7   Next: 12%
Magic:  8/8        EV: 19    Int:  9    God:    Trog [***...]
Gold:   131        SH:  0    Dex: 14    Spells: 6/6 levels left

rFire   . . .      SeeInvis +   j - +1 dagger (venom)
rCold   . . .      Faith    .   (shield restricted)
rNeg    . . .      Spirit   .   b - +0 animal skin
rPois   .          Reflect  .   (helmet restricted)
rElec   .          Harm     .   (no cloak)
rCorr   .          Rampage  .   (gloves unavailable)
Will    +....                   (boots unavailable)
Stlth   ..........              (no amulet)
HPRegen 0.18/turn               (no ring)
MPRegen 0.11/turn               (no ring)

@: berserking, very quick
A: very small, no large weapons, unfitting armour, see invisible, speed 3
a: Renounce Religion, Berserk, Trog's Hand


You were on level 5 of the Dungeon.
You worshipped Trog.
Trog was most pleased with you.
You visited 2 branches of the dungeon, and saw 6 of its levels.

You collected 131 gold pieces.

Inventory:

Hand Weapons
 j - a +1 dagger of venom (weapon)
Armour
 b - a +0 animal skin (worn)
Jewellery
 a - an amulet of magic regeneration
 l - a ring of fire
Scrolls
 c - a scroll of teleportation
 d - a scroll of vulnerability {unknown}
 e - a scroll of blinking {unknown}
 g - a scroll of fear {unknown}
 i - 3 scrolls of amnesia
 k - a scroll of acquirement {unknown}
 n - a scroll of torment {unknown}
 p - 3 scrolls of enchant armour {unknown}
Potions
 f - a potion of cancellation
 h - a potion of flight
 m - a potion of invisibility
 o - a potion of ambrosia


   Skills:
 + Level 4.0 Fighting
 + Level 5.3 Short Blades
 + Level 6.4 Dodging
 + Level 5.6 Stealth


You had 6 spell levels left.
You didn't know any spells.
Your spell library contained the following spells:

 Spells                   Type           Power      Damage    Failure   Level
 Ensorcelled Hibernation  Hex/Ice        0%         N/A       52%         2
 Ignite Poison            Fire/Tmut/Pois 0%         N/A       77%         3
 Mephitic Cloud           Conj/Pois/Air  0%         N/A       77%         3
 Spider Form              Tmut/Pois      0%         N/A       77%         3
 Freezing Cloud           Conj/Ice/Air   0%         6-21      100%        5


Dungeon Overview and Level Annotations

Branches:
Dungeon (5/15)             Temple (1/1) D:4

Altars:
Ashenzari
Cheibriados
Dithmenos
Elyvilon
Fedhas
Gozag
Hepliaklqana
Kikubaaqudgha
Makhleb
Nemelex Xobeh
Okawaru
Qazlal
Ru
Sif Muna
Trog
Uskayaw
Vehumet
Wu Jian
Xom
Yredelemnul
Zin


Innate Abilities, Weirdness & Mutations

You are very small and have problems with some larger weapons.
You are too small for most types of armour.
You have supernaturally acute eyesight. (SInv)
You cover ground extremely quickly. (Speed+++)


Message History

You kill the iguana!
Trog accepts your kill.
Your Fighting skill increases to level 4!
A gnoll comes into view. It is wielding a +0 spear.
The gnoll misses you.
You start waiting.
A gnoll is nearby!
You barely miss the gnoll. The gnoll hits you with a +0 spear.
You hit the gnoll but do no damage. The gnoll hits you with a +0 spear.
You hit the gnoll but do no damage. You hit the gnoll but do no damage.
The gnoll closely misses you. The gnoll sergeant misses you.
You hit the gnoll.
The gnoll is poisoned.
The gnoll is moderately wounded.
The gnoll hits you with a +0 spear! The gnoll barely misses you.
The gnoll completely misses you.
You barely miss the gnoll.
The gnoll is severely wounded.
The gnoll hits you with a +0 spear.
A red film seems to cover your vision as you go berserk!
You feel yourself moving faster!
You feel mighty! The gnoll misses you.
You feel a strong urge to attack something.
You hit the gnoll.
You kill the gnoll!
Trog accepts your kill. The iguana bites you!
Things that are here:
a +0 spear; a gnoll corpse You hit the iguana.
The iguana is moderately wounded.
The gnoll sergeant hits you from afar with a +0 trident!
* * * LOW HITPOINT WARNING * * *
You closely miss the iguana.
The iguana is moderately wounded.
The iguana misses you.
You hit the iguana.
The iguana is poisoned.
The iguana is heavily wounded.
The gnoll sergeant hits you from afar with a +0 trident!
You die...

#.##........##.######
#.##...........#
..##........##l#
..###.......##.##########
..# #.......'...........#
.## #.......##.#g########
.####.......##.#g#
..............##l#
..............##@#
..............##.#
......##......##.#
......##.........#
....#.############
##..#.#### ..........
....#.#... ..###.# .


You could see a gnoll sergeant, an iguana (very poisoned) and a gnoll.

Vanquished Creatures
  An ogre (D:4)
  Blork the orc (D:4)
  A gnoll shaman (D:4)
  Jessica (D:3)
  2 iguanas
  An orc wizard (D:4)
  A scorpion zombie (D:5)
  Ijyb (D:3)
  Terence (D:2)
  A hound skeleton (D:4)
  9 gnolls
  3 adders (D:2)
  A white imp (D:5)
  A worm (D:3)
  A dart slug (D:2)
  12 orcs
  6 ball pythons
  2 bats (D:3)
  2 endoplasms
  4 giant cockroaches
  9 hobgoblins
  2 kobolds
  8 quokkas
  2 frilled lizards (D:1)
  4 goblins
  4 rats
81 creatures vanquished.

Notes
Turn   | Place    | Note
-------+----------+-------------------------------------------
     0 | D:1      | KristoblXynda the Spriggan Berserker began the quest for
                  | the Orb.
     0 | D:1      | Reached XP level 1. HP: 11/11 MP: 2/2
   560 | D:1      | Reached skill level 1 in Stealth
   658 | D:1      | Reached XP level 2. HP: 16/16 MP: 3/3
  1664 | D:2      | Reached XP level 3. HP: 19/19 MP: 4/4
  1941 | D:2      | Noticed Terence
  1956 | D:2      | Killed Terence
  1957 | D:2      | Reached XP level 4. HP: 9/24 MP: 5/5
  2298 | D:3      | Reached ** piety under Trog
  2955 | D:3      | Noticed Ijyb
  2966 | D:3      | Killed Ijyb
  2967 | D:3      | Reached skill level 5 in Dodging
  3281 | D:3      | Noticed Jessica
  3291 | D:3      | Killed Jessica
  3292 | D:3      | Reached XP level 5. HP: 26/28 MP: 6/6
  3743 | D:4      | Found a staircase to the Ecumenical Temple.
  4017 | D:4      | Noticed Blork the orc
  4032 | D:4      | Killed Blork the orc
  4033 | D:4      | Reached XP level 6. HP: 31/32 MP: 7/7
  4145 | D:4      | Found a snail-covered altar of Cheibriados.
  4299 | D:4      | Reached skill level 5 in Short Blades
  4299 | D:4      | Reached skill level 6 in Dodging
  4299 | D:4      | Reached skill level 5 in Stealth
  4952 | Temple   | Entered the Ecumenical Temple
  5121 | D:5      | Entered Level 5 of the Dungeon
  5176 | D:5      | Reached XP level 7. HP: 28/37 MP: 8/8
  5403 | D:5      | Reached *** piety under Trog
  5637 | D:5      | Slain by a gnoll sergeant

Illustrated notes

Levels and vault maps discovered:
D:1:      nicolae_arrival_washed_ashore, layout_basic
D:2:      layout_basic, serial_shops, shop, uniq_terence,
          uniq_crazy_yiuf_cottage
D:3:      layout_loops_corners, uniq_ijyb, uniq_jessica
D:4:      layout_cave_pods, cheibriados_altar_1, temple_pool_b,
          uniq_blork_the_orc
D:5:      layout_basic, lemuel_another_geyser
Temple:   regret_index_temple_chain_breaker

Skill      XL: |  1  2  3  4  5  6  7 |
---------------+----------------------+-----
Stealth        | 1 2 3 4 5 |  5.6
Fighting       | 3 4 |  4.0
Short Blades   | 4 5 |  5.3
Dodging        | 5 6 |  6.4

Action                   |  1- 3 |  4- 6 |  7- 9 || total
-------------------------+-------+-------+-------++-------
Melee: Short sword       |    94 |       |       ||    94
       Dagger            |     8 |   203 |    26 ||   237
Invok: Berserk           |     1 |     4 |     1 ||     6
       Trog's Hand       |       |     1 |       ||     1
  Use: Scroll            |       |     6 |       ||     6
       Potion            |       |     1 |       ||     1
 Stab: Sleeping          |     3 |     9 |       ||    12
Armor: Animal skin       |     3 |     6 |       ||     9
Dodge: Dodged            |    79 |   113 |    15 ||   207

Table legend: (Time is in decaauts)
 A = Elapsed time spent in this place.
 B = Non-inter-level travel time spent in this place.
 C = Inter-level travel time spent in this place.
 D = Time resting spent in this place.
 E = Time spent auto-exploring this place.
 F = Levels seen in this place.
 G = Mean time per level.
                   A        B        C        D        E       F      G
               +--------+--------+--------+--------+--------+-----+--------+
         Total |   4549 |   4451 |     98 |   1359 |   2518 |   6 |  758.2 |
       Dungeon |   4469 |   4373 |     96 |   1359 |   2452 |   5 |  893.8 |
        Temple |     80 |     78 |      2 |      0 |     66 |   1 |   80.0 |
               +--------+--------+--------+--------+--------+-----+--------+

Top non-repeatable levels by time:
     D:1: 1378 daAuts
     D:4: 1249 daAuts
     D:3: 942 daAuts
     D:2: 472 daAuts
     D:5: 427 daAuts
  Temple: 80 daAuts
